Cogmind - Beta 14 @@@ ROGUE MODE // 2024.08.28 @ 11:05:15 Player: lav Result: Destroyed by G-34 Mercenary with Small Laser Performance ------------- Evolutions (0) 0 Regions Visited (1) 200 Robots Destroyed (10) 50 Value Destroyed (174) 174 Prototype IDs (0) 0 Alien Tech Used (0) 0 Bonus (0) 0 TOTAL SCORE: 424 Bonus ------- None Cogmind --------- Core Integrity 0/250 Matter 167/300 Energy 265/265 System Corruption 0% Temperature Cool (6) Movement Core (200) Ox3 Location -10/Materials Parts ------- > --- POWER (1) -------- Improved Ion Engine > --- PROPULSION (2) --- (None) > --- UTILITY (2) ------ Small Storage Unit > --- WEAPON (2) ------- (None) > --- INVENTORY (8) ---- Improved Ion Engine Improved Ion Engine Light Treads Light Treads Aluminum Leg Particle Gun Assault Rifle Autogun Peak State ------------ > --- POWER ------------ Improved Ion Engine > --- PROPULSION ------- Aluminum Leg Aluminum Leg > --- UTILITY ---------- Small Storage Unit Improved Terrain Scanner > --- WEAPON ----------- Particle Gun Autogun > --- INVENTORY -------- Improved Ion Engine Improved Ion Engine Light Treads Light Treads Small Laser Assault Rifle Assault Rifle Autogun [Rating: 13] Favorites ----------- Power Improved Ion Engine Engine Improved Ion Engine Propulsion Aluminum Leg Leg Aluminum Leg Utility Small Storage Unit Device Improved Terrain Scanner Storage Small Storage Unit Weapon Autogun Energy Gun Particle Gun Ballistic Gun Autogun Build | -11 -10 ------- Run | Yrd Mat Slots Evolved . | . . Power . | . . Propulsion . | . . Utility . | . . Weapon . | . . Parts Attached 14 | 7 7 Power 2 | 1 1 Engine 2 | 1 1 Core . | . . Reactor . | . . Propulsion 4 | 2 2 Treads . | . . Leg 4 | 2 2 Wheel . | . . Hover . | . . Flight . | . . Utility 3 | 2 1 Device 2 | 1 1 Storage 1 | 1 . Processor . | . . Hackware . | . . Protection . | . . Artifact . | . . Weapon 5 | 2 3 Energy Gun 2 | 1 1 Energy Cannon . | . . Ballistic Gun 3 | 1 2 Ballistic Cannon . | . . Launcher . | . . Special Weapon . | . . Impact Weapon . | . . Slashing Weapon . | . . Piercing Weapon . | . . Special Melee Weapon . | . . Unidentified Prototypes . | . . Parts Lost 5 | . 5 Power . | . . Propulsion 2 | . 2 Utility 1 | . 1 Weapon 2 | . 2 Highest Loss Streak 5 | . 5 To Critical Strikes . | . . Average Slot Usage (%) 95 | . 95 Engine 14 | . 14 Leg 25 | . 25 Device 13 | . 13 Storage 14 | . 14 Energy Gun 12 | . 12 Ballistic Gun 13 | . 13 Peak Build Rating 13 | 9 13 Average Rating 10 | 5 12 On Entrance 4 | . 9 Naked Turns . | . . Heaviest Build 19 | 14 19 Greatest Support 20 | 20 20 Greatest Overweight (x) 5 | 2 5 Average Overweight (x) . | . . Largest Inventory Capacity 8 | 8 8 Average Capacity 7 | 6 8 Most Carried 8 | 4 8 Average Carried 6 | 3 7 Final Capacity 8 | 8 8 Final Carried 8 | 4 8 Class Distribution -------------------- 100% | Mutant Dominant Class ---------------- Mutant | -10/Materials Resources | -11 -10 ----------- Run | Yrd Mat Matter Collected 402 | 186 216 Remotely . | . . Salvage Created 289 | 73 216 Parts 23 | 6 17 Haulers Intercepted . | . . Recyclers Shooed . | . . Parts Field Recycled . | . . Retrieved Matter . | . . Parts Self-Destructed . | . . Prevented . | . . Kills | -11 -10 ------- Run | Yrd Mat Combat Hostiles Destroyed 6 | . 6 Guns 6 | . 6 Classes Destroyed 4 | 2 2 Worker 2 | 1 1 Tunneler 2 | 2 . Swarmer 3 | . 3 Grunt 3 | . 3 Best Kill Streak 6 | 1 6 Combat Bots Only 5 | . 5 Max Kills in Single Turn 1 | 1 1 Gunslinging . | . . Exploded . | . . Melee . | . . Uniques/NPCs Destroyed . | . . Combat | -11 -10 -------- Run | Yrd Mat Hostile Shots Fired 95 | . 95 Missed 16 | . 16 Damage Taken 893 | . 893 Core 251 | . 251 Absorbed by Shields . | . . Regen/Repaired (Parts) 173 | . 173 Core Remaining (%) 100 | 100 . Volleys Fired 36 | 9 27 Largest 2 | 2 2 Hottest 88 | 60 88 Shots Fired 72 | 18 54 Gun 72 | 18 54 Cannon . | . . Launcher . | . . Special . | . . Kinetic 36 | 9 27 Thermal 36 | 9 27 Explosive . | . . Electromagnetic . | . . Robot Hit Streak 3 | 2 3 Robot Miss Streak 7 | 3 7 Penetration Max . | . . Secondary Targets . | . . Shots Hit Robots 27 | 7 20 Core Hits 12 | 3 9 Critical Kills . | . . Critical Parts Destroyed . | . . Critical Strikes . | . . Melee Attacks . | . . Impact . | . . Slashing . | . . Piercing . | . . Sneak Attacks . | . . Combat Hostiles . | . . Follow-up Attacks . | . . Damage Inflicted 402 | 88 314 Guns 402 | 88 314 Cannons . | . . Explosions . | . . Melee . | . . Ramming . | . . Kinetic 211 | 34 177 Thermal 191 | 54 137 Explosive . | . . Electromagnetic . | . . Impact . | . . Slashing . | . . Piercing . | . . Highest Corruption . | . . Average Corruption . | . . Corruption Purged . | . . Corruption Blocked . | . . Overload Shots . | . . Overflow Damage . | . . Projectiles . | . . Explosions . | . . Melee . | . . Knockbacks . | . . Impact . | . . Kinetic . | . . Secondary . | . . Self-Inflicted Damage . | . . Shots . | . . Rammed . | . . Targets Rammed . | . . Kicked . | . . Crushed . | . . Highest Temperature 519 | . 519 Average Temperature 203 | . 203 Received Heat Transfer 483 | . 483 Effects 8 | . 8 Shutdowns 1 | . 1 Energy Bleed 2 | . 2 Matter Decay 3 | . 3 Short Circuit 1 | . 1 Damage (minor) 1 | . 1 Siege Activations . | . . Robots Corrupted . | . . Combat Hostiles . | . . Parts Fried . | . . Impact Corruptions . | . . Robots Melted . | . . Combat Hostiles . | . . Parts Melted . | . . Heat Transferred 421 | 125 296 Parts Sabotaged . | . . Parts Stolen . | . . Parts Stripped . | . . Power Chain Reactions . | . . Alert | -11 -10 ------- Run | Yrd Mat Peak Influence 198 | 15 198 Initial 9 | . 9 Average 71 | 3 91 Maximum Alert Level . | . . Low Security (%) 100 | 100 100 Level 1 . | . . Level 2 . | . . Level 3 . | . . Level 4 . | . . Level 5 . | . . High Security . | . . Max Security . | . . Squads Dispatched 2 | . 2 Investigation . | . . Extermination . | . . Reinforcement 2 | . 2 Assault . | . . Garrison . | . . Intercept . | . . Searches Triggered . | . . Construction Impeded . | . . Haulers Reinforced . | . . Active Scanning Responses . | . . Cargo Convoy Interrupts . | . . Stealth | -11 -10 --------- Run | Yrd Mat Distress Signals 3 | . 3 Communications Jammed . | . . Distress Signals . | . . Times Spotted 17 | . 17 Peak Tracking Total 6 | . 6 Tactical Retreats 2 | . 2 Traps | -11 -10 ------- Run | Yrd Mat Traps Triggered . | . . Indirectly . | . . Trap Hack Attempts . | . . Triggered . | . . Disarmed . | . . Reprogrammed . | . . Reused . | . . Traps Extracted . | . . Installed . | . . Triggered . | . . Machines | -11 -10 ---------- Run | Yrd Mat Machines Disabled . | . . Max in Single Turn . | . . Machines Repaired . | . . Machines Dismantled . | . . Machines Sabotaged . | . . Overloaded Fab Kills . | . . Hacking | -11 -10 --------- Run | Yrd Mat Machines Accessed 1 | . 1 Terminals . | . . Fabricators . | . . Repair Stations 1 | . 1 Recycling Units . | . . Scanalyzers . | . . Garrison Access . | . . Total Hacks 7 | . 7 Successful 4 | . 4 Failed 3 | . 3 Catastrophic . | . . Database Lockouts . | . . Manual . | . . Terminals . | . . Fabricators . | . . Repair Stations 7 | . 7 Recycling Units . | . . Scanalyzers . | . . Garrison Access . | . . Terminal Hacks . | . . Fabricator Hacks . | . . Repair Station Hacks 4 | . 4 Scan Component 2 | . 2 Repair 2 | . 2 Recycling Unit Hacks . | . . Scanalyzer . | . . Garrison Access Hacks . | . . Unauthorized Hacks . | . . Terminals . | . . Fabricators . | . . Repair Stations . | . . Recycling Units . | . . Scanalyzers . | . . Garrison Access . | . . Data Cores Recovered . | . . Used . | . . Hacking Detections 1 | . 1 Full Trace Events . | . . Feedback Events . | . . Feedback Blocked . | . . Robot Schematics Acquired . | . . Robots Built . | . . Authchips . | . . Time . | . . Total Robot Build Rating . | . . Part Schematics Acquired . | . . Parts Built . | . . Authchips . | . . Time . | . . Total Part Build Rating . | . . Parts Repaired 2 | . 2 Time 58 | . 58 Parts Recycled . | . . Recycled Matter . | . . Retrieved Matter . | . . Retrieved Components . | . . Parts Scanalyzed . | . . Part Schematics Acquired . | . . Parts Damaged . | . . Bothacking | -11 -10 ------------ Run | Yrd Mat Used RIF Installer . | . . Robots Hacked . | . . Non-combat . | . . Combat . | . . Robot Hacks Applied . | . . Relay Couplers Released . | . . Fabnet Peak Effective % . | . . Robots Rewired . | . . Allies Hacked . | . . Hacks Repelled . | . . Allies | -11 -10 -------- Run | Yrd Mat Total Allies . | . . Largest Group . | . . Highest-Rated Group . | . . Highest-Rated Ally . | . . Total Orders . | . . Ally Attacks . | . . Total Damage . | . . Kills . | . . Allies Corrupted . | . . Allies Melted . | . . Intel | -11 -10 ------- Run | Yrd Mat Robot Analysis Total . | . . Derelict Logs Recovered . | . . Drone Launches . | . . Drone Recoveries . | . . Exploration | -11 -10 ------------- Run | Yrd Mat Turns Passed 632 | 143 489 Spaces Moved 353 | 94 259 Core 36 | 26 10 Treads . | . . Legs 317 | 68 249 Wheels . | . . Hover . | . . Flight . | . . Fastest Speed 50 | 50 120 Average Speed 123 | 109 128 Slowest Speed 300 | 150 300 Overloaded Moves . | . . Propulsion Burnouts . | . . Robots Hopped . | . . Cave-ins Triggered . | . . Exploration Rate (%) 23 | 4 43 Regions Visited 1 Branch Regions . Pre-discovered Areas . | . . Known Exits Taken . | . . Unknown Exits Taken 1 | 1 . Scrap Searched . | . . Spaces Dug . | . . Terrain Destroyed . | . . Melee . | . . Projectile . | . . AOE . | . . Terrain Rammed . | . . Walls Destroyed . | . . Machines Disabled . | . . Actions | -11 -10 --------- Run | Yrd Mat Total 479 | 113 366 Wait 64 | . 64 Move 352 | 93 259 Hop . | . . Pick Up 8 | 4 4 Fast Attach 9 | 7 2 Attach . | . . Detach . | . . Swap 5 | . 5 Drop 5 | . 5 Fire 36 | 9 27 Melee . | . . Ram . | . . Kick . | . . Crush . | . . Escape Stasis . | . . Rewire . | . . Trap . | . . Miscellaneous . | . . Route ------- -11/Scrapyard -10/Materials (discovered 1 exit: [*Mat]) History --------- Turn | Location | Event 9 | -11/Scrapyard | Discovered new exit (range 16) 144 | -11/Scrapyard | Entered Materials 314 | -10/Materials | Build established: Mutant 448 | -10/Materials | Repaired Autogun 475 | -10/Materials | Repaired Aluminum Leg 595 | -10/Materials | Core integrity fell below 50% 597 | -10/Materials | Discovered new exit (range 11) 613 | -10/Materials | Core integrity fell below 20% 633 | -10/Materials | Destroyed by G-34 Mercenary with Small Laser Last Messages --------------- reinforcements. 00553_ ALERT: Hostiles spotted, dispatching reinforcements to Terminal M002. 00553_ O-16 Technician locks terminal. 00561_ Critical hit (Burn: +37). 00568_ K-01 Serf collects debris. 00572_ G-47 Trooper destroyed. 00572_ K-01 Serf collects debris. 00585_ Acquired 45 matter. 00589_ Aluminum Leg destroyed. 00590_ Particle Gun destroyed. 00595_ R-06 Scavenger collects Lgt. Nuclear Core. 00597_ EXIT=FOUND 00599_ R-06 Scavenger collects Particle Gun. 00601_ K-01 Serf cleans the Fusion Modulator. 00604_ Aluminum Leg destroyed. 00606_ K-01 Serf collects debris. 00624_ Imp. Heat Sink destroyed. 00632_ Autogun destroyed. Map ----- +----------------------------------------------------+ | ?######## #[""" """ #???????????? | | ?? # # """ """ #???????????? | | ? # "" + * #???????? ??? | | ?? # Y" # = #??#????+???? | | ?? # """ "" # ! ##??????????? | | # """ # """ #[! !! #???????????? | | # """ # """ # !! #???????????? | | # """ # # !! #???????????? | | # """ # # !#?? ????????? | | # """ + # #???????????? | | # # ^ ###########???????????? | | # """ # #??#???????#??????????? | | # """ #== #????#????????????? ??? | | # """ #=! a ##??????????? ????????? | | # """ # #????????????????????? | | # """ # ##???????????????????? | | # # w #????????????????????? | | # # #????????????????????? | | ####+#### #????????????????????? | | ???# #### """ #????????????????????? | | ???# """ #??? ???????"????????? | | ?###### """ ##?????????????????????? | | ? ??# u #??????????????????????? | | # """?# ######?????????????????? | | # """?# """ # #?????????????????? | | # """ # """ @# #?????????????????? | | # # """ g/ #?????????????????? | | # + g #g #?????????????????? | | # # o + #?????????????????? | | # ###+## # [ #?????????????????? | | # "" ??? # ^# #?????????????????? | | # "T ???! # # #?????????????????? | | # ""???? # # #?????????????????? | | # ???? + ######?????????????????? | | ?##????? # < ##+###??????????????????????? | | ??????? # #???????????????????????????? | | ??????? #####???????????????????????????? | | ??????? #???????????????????????????????? | | ??????? ????????????????????????????????? | | ???????####????????????????????????????????? | | ???????????????????????????????????????????? | | | | | | | | | | | | | | | | | | | +----------------------------------------------------+ Best States ------------- Heat Dissipation 39 Energy Generation 12 Energy Capacity 265 Matter Stores 189 Matter Capacity 300 Sight Range 16 Terrain Scan Range 16 Terrain Scan Density 10 Evasion (%) 55 Item Schematics ----------------- None Robot Schematics ------------------ None Fabricated ------------ Nothing Alien Tech Used ----------------- None Achievements -------------- None Challenges ------------ None Game ------ Seed RiotAutogunShotgun Manual? 0 Play Time 00:13:05 Cumulative 10.9 hours Start 2024.08.28 @ 10:45:41 End 2024.08.28 @ 11:05:15 Sessions 1 Manual Loads 0 Difficulty Rogue Special Mode None Game No. 24 Rogue 24 Adventurer 0 Explorer 0 Win Type - Total 0 Types 0/0/0/0/0/0/0/0/0 Lore% 2 Gallery% 14 Achievement% 13 Wizard Run 0 Options --------- Layout 1 ASCII 0 Keyboard 0 Movement Mouse Keybinds 0 Fullscreen 1 Font 24/Smallcaps Map View 50x35 Zoom Use 0% Tactical HUD 1 Map Filters NONE Filters NONE Steam 1 RUN: d5fdb929-4c6b-4652-9190-cb60333a3a80